Map: Avalon Labs

Players

Bear

  • Race: Terran Terran

Sorceror

  • Race: Zerg Zerg

ZeroTone

  • Race: Terran Terran

BackFromHell

  • Race: Protoss Protoss

ShadowSonic

  • Race: Terran Terran

LuKi

  • Race: Zerg Zerg

VOD

Have the link to the VOD?

Description

Time

  • Played on: April 2, 2016, 4:45 p.m.
  • Length: 11:06
Show
View Real Time Build Order
Export as new Build Order

Bear Terran 

Build Orders:  

Get SALT Encoding   

  12  0:01  SCV  
  13  0:13  SCV  
  14  0:19  Supply Depot  
  14  0:26  SCV  
  15  0:40  SCV  
  15  0:42  Barracks  
  16  0:52  SCV  
  16  0:55  Barracks  
  17  1:07  Barracks  
  17  1:16  Supply Depot  
  17  1:26  Barracks  
  17  1:29  Marine  
  18  1:46  Marine  
  19  1:47  Marine  
  20  1:55  Barracks  
  20  1:57  Marine  
  21  2:04  Marine  
  22  2:17  Marine x3  
  25  2:32  Marine  
  25  2:34  Marine  
  27  2:39  SCV, Refinery  
  27  2:40  Marine x2  
  30  2:49  Marine  
  30  2:51  Supply Depot  
  31  3:02  Supply Depot  
  31  3:12  Marine x5, SCV  
  37  3:24  SCV  
  38  3:30  Marine x3  
  41  3:53  Marine  
  41  3:54  Marine x4  
  45  4:11  Marine x2  
  47  4:31  Marine  
  47  4:33  Marine x3  
  47  4:34  Marine  
  32  4:49  Marine  
  32  4:51  Marine x3  
  32  4:52  Marine  
  37  4:58  Refinery  
  37  5:02  Engineering Bay  
  37  5:03  Engineering Bay  
  37  5:06  Marine  
  38  5:07  Factory  
  38  5:13  Marine x2  
  38  5:14  Marine x2  
  42  5:22  SCV  
  42  5:24  Marine  
  44  5:31  Marine  
  44  5:35  SCV  
  46  5:47  SCV  
  47  5:55  Terran Infantry Weapons Level 1, Terran Infantry Armor Level 1  
  47  5:57  Factory Tech Lab  
  47  6:00  Barracks Tech Lab  
  47  6:08  Barracks Reactor  
  47  6:17  Barracks Reactor  
  47  6:20  Barracks Reactor  
  47  6:24  Starport  
  47  6:32  Orbital Command  
  43  7:17  Marine x4  
  47  7:24  Command Center  
  47  7:33  Marine x3  
  44  8:00  Supply Depot x2  
  44  8:01  Supply Depot  
  44  8:15  Starport Reactor  
  44  8:22  Siege Tank  
  44  8:26  Armory  
  29  9:03  Orbital Command  
  29  9:09  Viking x2  
  30  9:23  Starport, SCV  
  31  9:35  SCV, Armory  
  32  9:39  Viking x2  
  34  10:03  Viking  
  34  10:04  Thor  
  40  10:09  Viking x2  
  40  10:12  Marine x4  
  40  10:13  Marine  
  49  10:33  Viking  
  51  10:38  SCV  
  53  10:50  SCV  
Show
View Real Time Build Order
Export as new Build Order

Sorceror Zerg 

Build Orders: Hatch First 

Get SALT Encoding   

  12  0:01  Drone  
  13  0:08  Drone  
  14  0:16  Overlord  
  14  0:26  Extractor x2  
  14  0:27  Drone  
  13  0:30  Drone  
  13  0:35  Drone  
  17  0:55  Hatchery  
  16  1:04  Extractor  
  15  1:11  Spawning Pool  
  15  1:14  Drone  
  15  1:18  Drone  
  16  1:22  Drone  
  17  1:26  Drone  
  18  1:36  Drone  
  19  1:51  Overlord  
  19  1:58  Queen  
  21  2:04  Metabolic Boost  
  21  2:06  Queen  
  23  2:13  Zergling x4  
  25  2:17  Zergling x2  
  26  2:29  Overlord  
  26  2:33  Zergling x2  
  26  2:34  Zergling x4  
  29  2:40  Zergling x2  
  30  2:50  Zergling x4  
  32  2:56  Zergling x2  
  33  3:01  Zergling x2  
  34  3:13  Zergling x10  
  39  3:21  Drone  
  39  3:22  Drone x3  
  43  3:41  Zergling x4  
  44  3:55  Overlord x2  
  43  4:06  Overlord x2  
  37  4:26  Zergling x6  
  37  4:27  Zergling x16  
  48  4:38  Extractor  
  48  4:39  Roach Warren, Baneling Nest  
  45  4:52  Drone x4  
  45  5:02  Evolution Chamber  
  45  5:04  Evolution Chamber  
  45  5:07  Drone  
  40  5:20  Drone x4  
  44  5:31  Baneling x6  
  44  5:32  Baneling x2  
  44  5:47  Baneling x5  
  44  5:48  Baneling  
  44  5:55  Drone  
  44  5:56  Drone x6  
  51  6:00  Zerg Missile Weapons Level 1  
  51  6:13  Zerg Ground Armor Level 1  
  51  6:19  Drone x2  
  51  6:20  Lair  
  42  7:09  Zergling x2  
  42  7:10  Zergling x30  
  57  7:21  Glial Reconstitution  
  56  7:29  Hatchery  
  55  7:38  Roach  
  55  7:39  Roach x3  
  63  7:50  Roach x3  
  63  7:51  Roach x3  
  75  7:53  Overlord x2  
  75  7:58  Baneling x6  
  75  8:03  Zergling x2  
  76  8:22  Hydralisk Den  
  76  8:27  Extractor  
  74  8:28  Extractor  
  71  8:54  Queen  
  65  9:16  Muscular Augments  
  65  9:25  Extractor  
  65  9:26  Extractor, Hydralisk x7  
  75  9:42  Hydralisk x3  
  75  10:05  Overlord x4  
  75  10:13  Hydralisk  
  64  10:26  Hydralisk x5  
  49  11:03  Spawning Pool  
Show
View Real Time Build Order
Export as new Build Order

ZeroTone Terran 

Build Orders: MMM Bio 

Get SALT Encoding   

  12  0:02  SCV  
  13  0:18  SCV  
  14  0:22  Supply Depot  
  14  0:30  SCV  
  15  0:43  SCV  
  15  0:46  Barracks  
  16  0:56  SCV  
  17  0:57  Barracks  
  17  1:08  SCV  
  18  1:14  Barracks  
  18  1:18  Refinery  
  18  1:21  SCV  
  19  1:34  Marine  
  19  1:39  Orbital Command  
  20  1:48  Supply Depot  
  20  1:52  Marine  
  21  2:01  Barracks  
  21  2:32  Marine x2  
  21  2:33  Marine  
  21  2:35  SCV  
  25  2:42  Barracks  
  25  2:47  Factory  
  25  2:50  Marine x2  
  27  2:58  Marine x2, Supply Depot  
  29  3:08  Marine x2  
  31  3:19  Marine x2  
  33  3:26  Marine x2  
  35  3:36  Supply Depot  
  35  3:37  Marine x2  
  37  3:43  Marine  
  37  3:44  Marine, Barracks Tech Lab  
  39  3:49  Refinery  
  39  3:57  Marine x2, SCV  
  34  4:45  Marine x2  
  34  4:46  Marine x2  
  34  4:48  Stimpack  
  34  4:52  Factory Tech Lab  
  38  4:57  Starport  
  38  5:01  SCV  
  39  5:08  Command Center  
  39  5:10  Starport  
  39  5:13  SCV  
  40  5:32  Marine x5  
  45  5:41  Supply Depot  
  44  5:44  Supply Depot  
  44  5:45  Supply Depot  
  44  5:46  Liberator  
  44  5:49  Marine  
  44  5:50  Marine  
  44  5:56  Barracks Tech Lab  
  46  6:02  Siege Tank  
  52  6:08  Medivac  
  54  6:13  SCV  
  55  6:19  Marine x2  
  55  6:23  Supply Depot  
  55  6:25  SCV  
  58  6:37  SCV  
  36  8:20  Marine x5  
  36  8:25  Viking x2  
  41  8:34  Orbital Command  
  41  8:37  Marine  
  41  8:38  Marine x4  
  46  8:55  Marine x2, Viking x2  
  46  8:56  Marine x3  
  55  9:13  Marine x3, Combat Shields  
  55  9:14  Marine x2  
  60  9:25  Viking x2  
  60  9:27  Refinery  
  60  9:28  SCV  
  60  9:29  Refinery  
  60  9:31  Marine x4  
  65  9:32  Marine  
  65  9:35  Supply Depot  
  69  9:40  SCV  
  70  9:49  Marine x2  
  53  9:55  Viking x2  
  53  9:58  Supply Depot  
  39  10:25  Viking x2  
  36  10:42  Engineering Bay  
Show
View Real Time Build Order
Export as new Build Order

BackFromHell Protoss 

Build Orders: 1 Gate Expand, Carrier Rush 

Get SALT Encoding   

  12  0:03  Probe (Chrono Boost)  
  13  0:13  Probe (Chrono Boost)  
  14  0:21  Pylon  
  14  0:24  Probe (Chrono Boost)  
  15  0:39  Probe (Chrono Boost)  
  15  0:40  Gateway  
  16  0:50  Probe (Chrono Boost)  
  17  1:00  Probe (Chrono Boost)  
  18  1:15  Nexus  
  18  1:39  Nexus  
  18  1:47  Cybernetics Core  
  18  1:54  Assimilator  
  18  1:56  Probe (Chrono Boost)  
  19  2:02  Assimilator  
  19  2:06  Probe (Chrono Boost)  
  20  2:17  Pylon, Probe (Chrono Boost)  
  21  2:27  Probe (Chrono Boost)  
  22  2:30  Probe (Chrono Boost)  
  22  2:35  Warp Gate  
  23  2:38  Probe (Chrono Boost)  
  23  2:40  Probe (Chrono Boost)  
  23  2:43  Assimilator  
  25  2:48  Probe (Chrono Boost)  
  25  2:50  Assimilator  
  27  2:51  Probe (Chrono Boost)  
  27  3:02  Stargate  
  27  3:04  Probe x2 (Chrono Boost)  
  29  3:07  Probe (Chrono Boost)  
  30  3:15  Probe (Chrono Boost)  
  30  3:19  Mothership Core (Chrono Boost), Probe (Chrono Boost)  
  34  3:25  Probe (Chrono Boost)  
  35  3:30  Probe (Chrono Boost)  
  36  3:36  Probe (Chrono Boost)  
  36  3:37  Probe (Chrono Boost)  
  36  3:40  Probe (Chrono Boost), Forge  
  39  3:47  Probe (Chrono Boost)  
  39  3:48  Pylon  
  40  3:49  Probe (Chrono Boost)  
  41  4:03  Fleet Beacon  
  41  4:07  Probe x2 (Chrono Boost)  
  43  4:10  Probe (Chrono Boost)  
  44  4:19  Photon Cannon  
  44  4:21  Probe x3 (Chrono Boost)  
  47  4:31  Probe x2 (Chrono Boost)  
  47  4:32  Probe (Chrono Boost)  
  47  4:37  Stargate  
  50  4:41  Pylon  
  50  4:42  Probe (Chrono Boost)  
  50  4:43  Assimilator  
  51  4:48  Assimilator  
  51  4:49  Probe (Chrono Boost)  
  51  4:50  Pylon, Probe (Chrono Boost)  
  53  4:58  Carrier (Chrono Boost)  
  59  5:03  Probe (Chrono Boost)  
  59  5:04  Probe x2 (Chrono Boost)  
  62  5:13  Protoss Air Weapons Level 1 (Chrono Boost), Probe  
  62  5:16  Probe, Graviton Catapult  
  62  5:18  Probe  
  65  5:24  Probe  
  65  5:25  Photon Cannon  
  66  5:28  Assimilator  
  66  5:29  Probe  
  66  5:30  Probe  
  66  5:34  Photon Cannon  
  66  5:35  Probe  
  68  5:39  Probe  
  68  5:42  Probe  
  71  5:43  Carrier  
  71  5:48  Pylon  
  77  5:54  Pylon  
  77  6:03  Pylon  
  77  6:04  Probe  
  77  6:08  Stargate  
  78  6:12  Stargate  
  78  6:23  Carrier (Chrono Boost)  
  84  6:27  Photon Cannon  
  84  6:33  Photon Cannon  
  84  6:48  Pylon  
  84  6:54  Protoss Air Armor Level 1 (Chrono Boost)  
  84  6:56  Carrier (Chrono Boost)  
  84  7:01  Carrier (Chrono Boost)  
  95  7:08  Carrier (Chrono Boost)  
  95  7:15  Pylon  
  101  7:20  Pylon  
  101  7:36  Pylon  
  100  7:37  Pylon  
  100  7:49  Carrier (Chrono Boost)  
  106  8:01  Stalker  
  108  8:19  Carrier (Chrono Boost)  
  120  8:29  Carrier (Chrono Boost)  
  124  8:34  Carrier (Chrono Boost)  
  124  9:05  Carrier (Chrono Boost)  
  130  9:24  Nexus  
  130  9:28  Assimilator  
  130  9:31  Assimilator  
  130  9:32  Pylon  
  130  9:33  Carrier (Chrono Boost)  
  130  9:35  Pylon  
  136  9:41  Nexus  
  136  9:44  Carrier (Chrono Boost)  
Show
View Real Time Build Order
Export as new Build Order

ShadowSonic Terran 

Build Orders:  

Get SALT Encoding   

  12  0:02  SCV  
  13  0:16  Supply Depot  
  13  0:18  SCV  
  14  0:30  SCV  
  15  0:37  Refinery  
  15  0:42  Barracks  
  15  0:47  SCV  
  16  0:59  SCV  
  17  1:11  SCV  
  18  1:28  Command Center  
  18  1:32  Barracks Reactor  
  18  1:40  Orbital Command  
  18  1:53  Refinery  
  18  2:03  Supply Depot  
  18  2:06  SCV  
  19  2:10  Marine x2  
  21  2:22  SCV  
  22  2:26  Factory  
  22  2:28  Marine x2  
  24  2:36  SCV  
  26  2:45  Orbital Command  
  26  2:48  SCV  
  26  2:54  Barracks  
  26  3:02  SCV  
  29  3:11  SCV  
  30  3:14  SCV  
  30  3:18  Factory Tech Lab  
  29  3:28  Supply Depot  
  29  3:29  SCV x2  
  31  3:37  Barracks  
  31  3:43  Barracks Reactor  
  31  3:46  Bunker  
  31  3:47  Siege Tank  
  31  3:48  Marine x2  
  34  3:51  SCV  
  36  4:06  Marine x2  
  37  4:30  Marine x2  
  38  4:42  Supply Depot  
  38  4:44  Barracks Reactor  
  38  4:53  Barracks  
  38  4:54  Supply Depot  
  38  5:04  Siege Tank  
  38  5:06  Supply Depot  
  39  5:16  Marine x3  
  39  5:17  Marine  
  43  5:29  SCV x2  
  43  5:35  Marine x3  
  45  5:36  Marine  
  45  5:39  Barracks  
  45  5:41  SCV x2  
  51  5:49  Marine x2  
  53  5:53  Marine, Command Center, SCV  
  53  5:54  Barracks Tech Lab  
  55  5:57  Supply Depot  
  55  5:59  Hellion  
  55  6:02  Refinery  
  57  6:04  SCV  
  57  6:05  Refinery  
  57  6:09  SCV  
  59  6:19  Combat Shields  
  59  6:28  Supply Depot, SCV x2  
  61  6:37  Marine x3  
  61  6:38  Marine x4  
  69  6:40  SCV  
  69  6:43  SCV  
  69  6:45  Barracks Tech Lab, Supply Depot  
  70  6:52  SCV  
  71  6:55  Marine, SCV  
  73  7:04  SCV  
  62  7:15  Marine x5  
  63  7:19  Orbital Command  
  63  7:21  Supply Depot  
  64  7:35  Marine  
  64  7:36  Marine x6  
  68  7:41  Stimpack  
  68  7:46  Marine  
  68  7:49  Supply Depot  
  66  7:53  Marine x2  
  66  7:54  Engineering Bay  
  68  8:11  Siege Tank  
  71  8:13  Marine x8  
  79  8:21  Supply Depot  
  79  8:22  Supply Depot  
  79  8:23  Supply Depot  
  79  8:28  Starport  
  79  8:30  Marine  
  79  8:31  Marine x7  
  87  8:48  Marine  
  88  8:56  Terran Infantry Weapons Level 1  
  88  9:01  Supply Depot, Command Center  
  88  9:03  Engineering Bay  
  88  9:04  Concussive Shells  
  88  9:13  Starport Reactor  
  88  9:17  Marine  
  88  9:18  Marine x7, Supply Depot  
  96  9:35  Marine  
  96  9:37  Marine x2  
  96  9:38  Marine x5  
  104  9:48  Armory  
  104  9:50  Medivac  
  106  9:53  Marine, Medivac  
  106  9:55  Marine  
  110  10:18  Siege Tank  
  110  10:20  Medivac  
  115  10:23  Marine x2, Medivac  
Show
View Real Time Build Order
Export as new Build Order

LuKi Zerg 

Build Orders: Hatch First 

Get SALT Encoding   

  12  0:01  Drone  
  13  0:12  Overlord  
  13  0:17  Drone  
  14  0:30  Drone x2  
  14  0:35  Drone  
  17  0:45  Drone  
  18  0:57  Hatchery  
  17  1:09  Spawning Pool  
  16  1:11  Drone  
  16  1:16  Drone  
  18  1:36  Hatchery  
  17  1:46  Drone x2  
  19  1:47  Extractor, Drone  
  19  1:57  Queen  
  19  2:00  Drone  
  22  2:08  Extractor, Drone  
  22  2:10  Drone  
  24  2:25  Drone  
  24  2:26  Drone  
  26  2:32  Overlord  
  26  2:34  Queen  
  28  2:48  Drone  
  29  2:51  Drone x3  
  29  2:52  Drone  
  29  2:53  Drone  
  34  2:59  Drone  
  34  3:00  Queen  
  34  3:02  Drone  
  38  3:06  Drone  
  39  3:14  Extractor, Drone x2  
  39  3:16  Drone  
  41  3:25  Metabolic Boost  
  41  3:28  Drone  
  41  3:29  Overlord  
  41  3:32  Extractor, Drone  
  41  3:34  Extractor  
  41  3:38  Zergling x2  
  41  3:39  Zergling x6  
  37  3:43  Overlord  
  28  3:53  Zergling x10  
  24  4:54  Hatchery, Baneling Nest  
  20  5:08  Zergling x2  
  21  5:15  Overlord, Zergling x2  
  22  5:27  Hatchery  
  21  5:33  Queen  
  23  5:40  Baneling x2  
  23  5:41  Baneling x2  
  23  5:42  Zergling x4  
  25  5:47  Zergling x2  
  26  5:57  Zergling x4  
  28  6:06  Drone  
  29  6:13  Spine Crawler  
  28  6:19  Zergling x2  
  29  6:30  Zergling x8  
  30  6:49  Zergling x2  
  30  6:50  Zergling x2  
  22  7:04  Zergling x8  
  22  7:07  Spine Crawler  
  24  7:13  Baneling x2  
  24  7:21  Drone x2  
  23  7:36  Zergling x2  
  23  7:37  Zergling x6  
  18  8:07  Hatchery  
  16  8:19  Drone  
  18  8:20  Drone  
  18  8:23  Drone  
  18  8:25  Drone  
  20  8:52  Roach Warren  
  19  9:06  Hatchery  
  18  9:23  Drone x2  
  20  9:25  Extractor  
  20  9:26  Hatchery, Drone x2  
  20  9:27  Drone  
  21  9:40  Queen  
  23  10:03  Drone x5  
  28  10:12  Drone  
  29  10:27  Drone  
  29  10:28  Drone x2  
  32  10:35  Drone x3  
  35  10:41  Drone x2  
  37  10:44  Drone  
  37  10:47  Drone  
  39  10:50  Extractor, Drone  
Tags
 
Add a new tag
Caveats
  • Supply blocks, unpowered buildings, or Contaminate may cause inaccurate times.
  • Supply counts are checked every 10 seconds.